 Dungeon Crawl Stone Soup version 0.27-a0-1248-g57ac2eb73c (webtiles) character file.

Game seed: 9692726039871039300

1080 Majang the Cudgeller (level 8, -3/96 HPs)
             Began as a Formicid Fighter on June 10, 2021.
             Slain by Pikel
             ... wielding a +2 whip of electrocution
              (9 damage)
             ... on level 5 of the Dungeon.
             The game lasted 00:19:57 (5425 turns).

Majang the Cudgeller (Formicid Fighter)             Turns: 5425, Time: 00:19:57

Health: -3/96      AC: 24    Str: 21 (23) XL:     8   Next: 55%
Magic:  8/8        EV:  2    Int:  7 (8)  God:
Gold:   268        SH:  9    Dex:  8 (10) Spells: 7/7 levels left

rFire    . . .     SeeInvis .   a - +0 flail (elec)
rCold    . . .     Faith    .   c - +0 kite shield
rNeg     + + +     Spirit   .   (armour currently unavailable)
rPois    +         Reflect  .   (helmet unavailable)
rElec    .         Harm     .   (cloak currently unavailable)
rCorr    +         Rampage  .   (gloves currently unavailable)
Will     .....                  (boots currently unavailable)
Stlth    +.........             l - amulet of magic regeneration
HPRegen  0.26/turn              n - ring of resist corrosion
MPRegen  0.36/turn              (no ring)

@: tree-form
A: stationary, stasis, torment immunity, boosted hp, permanent stasis, dig
shafts and tunnels, (antennae 3), four strong arms
a: no special abilities


You were on level 5 of the Dungeon.
You were a tree.
You visited 1 branch of the dungeon, and saw 5 of its levels.

You collected 268 gold pieces.

Inventory:

Hand Weapons
 a - a +0 flail of electrocution (weapon)
 m - a +0 hand crossbow
Missiles
 g - 7 boomerangs
Armour
 b - a +0 scale mail (melded)
 c - a +0 kite shield (worn)
 i - a scarf of harm
Jewellery
 l - an amulet of magic regeneration (around neck)
 n - a ring of resist corrosion (left branch)
Scrolls
 f - a scroll of brand weapon
Potions
 d - 2 potions of mutation
 j - a potion of attraction


   Skills:
 + Level 6.0 Fighting
 * Level 6.9 Maces & Flails
 + Level 4.5 Armour
 + Level 2.3 Dodging
 + Level 4.8 Shields


You had 7 spell levels left.
You didn't know any spells.
Your spell library contained the following spells:

 Spells                   Type           Power      Damage    Failure   Level
 Magic Dart               Conj           0%         1d3       75%         1
 Searing Ray              Conj           0%         3d3       86%         2
 Dazzling Flash           Conj/Hex       0%         N/A       98%         3
 Fulminant Prism          Conj/Hex       0%         3d6       100%        4
 Iskenderun's Mystic Bla  Conj/Tloc      0%         2d3       100%        4


Dungeon Overview and Level Annotations

Branches:
Dungeon (5/15)
 Temple: D:4-7

Altars:
Dithmenos
Fedhas
Gozag
Kikubaaqudgha
Zin

Shops:
D:2 [:!:(

Annotations:
D:5 Pikel


Innate Abilities, Weirdness & Mutations

You are a tree.
Your roots penetrate the ground, keeping you stationary.
You cannot be teleported.
You are immune to unholy pain and torment.
Your maximum health is greatly increased.
Your equipment is partially melded.
You cannot be hasted, slowed, berserked, paralysed or teleported.
You can dig through walls and to a lower floor.
((You have a pair of large antennae on your head. (SInv)))
Your four strong arms can wield two-handed weapons with a shield.


Message History

You completely miss the orc priest.
The orc priest is moderately wounded.
The orc priest barely misses you.
You barely miss the orc priest.
The orc priest is moderately wounded.
The orc priest hits you but does no damage.
You closely miss the orc priest.
The orc priest is moderately wounded.
The orc priest invokes the aid of Beogh against you.
Beogh smites you!
* * * LOW HITPOINT WARNING * * *
You feel better.
The orc priest looks encouraged for a moment.
You barely miss the orc priest.
The orc priest is moderately wounded.
The orc priest hits you but does no damage.
You hit the orc priest.
The orc priest is moderately wounded.
You block the orc priest's attack.
You sock the orc priest!
You kill the orc priest!
You hit Pikel but do no damage.
Pikel hits you with a +2 whip of electrocution!
* * * LOW HITPOINT WARNING * * *
It was a potion of flight.
You feel very buoyant.
You fly up into the air.
You block Pikel's attack.
It was a potion of lignification.
You turn into a tree.
Your +0 scale mail melds into your body.
Your roots penetrate the ground.
Pikel hits you but does no damage.
You are electrocuted!
* * * LOW HITPOINT WARNING * * *
It was a potion of degeneration.
There was something very wrong with that liquid.
You feel weakened.
You feel dopey.
You feel clumsy. You block Pikel's attack.
You hit Pikel.
Pikel is lightly wounded.
Pikel hits you but does no damage.
You are electrocuted!
You die...

#..... ##########...#
############# ........# #.##
#.......##..# .....?..# ##.##
#.......##..#
........###.#.#########'#.......
..$......{)...{.........#####..#
.........######{#########.......
.........#####K## #.........
............###♣# ..........
........#...# ### ...#......
........#5...... .. +.....>
........#.......# . #######
........#.......#
#########.......# #.......#
#.......#


You could see Pikel.

Vanquished Creatures
  A troll (D:5)
  Sigmund (D:2)
  2 ogres
  3 lemures (D:5)
  2 hounds (D:4)
  A centaur skeleton (D:4)
  3 orc priests
  2 iguanas (D:4)
  Robin (D:4)
  13 gnolls
  7 adders
  An adder skeleton (D:4)
  5 worms
  A dart slug (D:2)
  3 orcs (D:4)
  3 ball pythons
  5 endoplasms
  3 giant cockroaches
  16 goblins
  7 hobgoblins
  6 jackals
  6 kobolds
  3 quokkas (D:1)
  4 bats
  9 frilled lizards
  3 rats
111 creatures vanquished.

Notes
Turn   | Place    | Note
-------+----------+-------------------------------------------
     0 | D:1      | Majang the Formicid Fighter began the quest for the Orb.
     0 | D:1      | Reached XP level 1. HP: 18/18 MP: 1/1
   243 | D:1      | Reached XP level 2. HP: 23/24 MP: 2/2
   473 | D:1      | Reached XP level 3. HP: 23/30 MP: 3/3
   667 | D:1      | Found a faded altar of an unknown god.
  1194 | D:2      | Found Sotsid's Book Shoppe.
  1197 | D:2      | Found Zinarim's Armour Shoppe.
  1273 | D:2      | Found Pice's Distillery.
  1284 | D:2      | Found Quonak's Book Shoppe.
  1312 | D:2      | Reached XP level 4. HP: 37/37 MP: 4/4
  1645 | D:2      | Noticed Sigmund
  1667 | D:2      | Killed Sigmund
  1668 | D:2      | Reached skill level 5 in Maces & Flails
  1668 | D:2      | Reached XP level 5. HP: 16/43 MP: 5/5
  1668 | D:2      | Reached XP level 6. HP: 18/50 MP: 6/6
  2013 | D:2      | Reached skill level 5 in Fighting
  2540 | D:2      | Found Savajepp's Antique Weapon Boutique.
  3271 | D:3      | Reached XP level 7. HP: 53/56 MP: 7/7
  3827 | D:4      | Found an opulent altar of Gozag.
  3916 | D:4      | Reached skill level 1 in Dodging
  4296 | D:4      | Found a glowing silver altar of Zin.
  4766 | D:4      | Noticed Robin
  4785 | D:4      | Killed Robin
  5090 | D:4      | Found a shadowy altar of Dithmenos.
  5091 | D:4      | Found a blossoming altar of Fedhas.
  5091 | D:4      | Found an ancient bone altar of Kikubaaqudgha.
  5154 | D:5      | Entered Level 5 of the Dungeon
  5264 | D:5      | Reached XP level 8. HP: 63/63 MP: 8/8
  5341 | D:5      | Noticed a troll
  5354 | D:5      | Killed a troll
  5391 | D:5      | Noticed Pikel
  5425 | D:5      | Slain by Pikel

Illustrated notes

Levels and vault maps discovered:
D:1:      eino_arrival_cavern_d, layout_basic, serial_corexii_hall,
          corexii_hall_statues_i, corexii_hall_statues_s,
          hellmonk_ecumenical_altar_zigzags, minmay_misc_feat_iff,
          serial_bayou_lagoon_a, corexii_item_surrounded_by_moat
D:2:      layout_basic, serial_shops, shop, shop, nicolae_shop_stone, shop,
          nicolae_shop_statue_plus, uniq_sigmund
D:3:      layout_basic, minmay_splitting_lines, grunt_ministairs_11
D:4:      kennysheep_goblin_castle, layout_layer_cave, old_standard_altar,
          nicolae_gozag_seed_capital, minitemple, chequers_serial_rivers_room_a
D:5:      layout_basic, lemuel_coloured_pillars_altar, elyvilon_altar_4,
          minmay_liquid_box, uniq_pikel, uniq_menkaure, uniq_blork_the_orc

Skill      XL: |  1  2  3  4  5  6  7  8 |
---------------+-------------------------+-----
Maces & Flails | 3 5 6 |  6.9
Fighting       | 4 5 6 |  6.0
Dodging        | 1 2 |  2.3
Shields        | 4 |  4.8
Armour         | 4 |  4.5

Action                   |  1- 3 |  4- 6 |  7- 9 || total
-------------------------+-------+-------+-------++-------
Melee: Flail             |    70 |   140 |   175 ||   385
 Abil: Dig               |     3 |     4 |     9 ||    16
  Use: Potion            |       |     3 |     5 ||     8
       Scroll            |       |       |     8 ||     8
Armor: Scale mail        |    32 |    33 |    51 ||   116
       Skin              |       |       |     2 ||     2
Dodge: Dodged            |    18 |    35 |    44 ||    97
Block: Kite shield       |    33 |    63 |    82 ||   178

Table legend: (Time is in decaauts)
 A = Elapsed time spent in this place.
 B = Non-inter-level travel time spent in this place.
 C = Inter-level travel time spent in this place.
 D = Time resting spent in this place.
 E = Time spent auto-exploring this place.
 F = Levels seen in this place.
 G = Mean time per level.
                   A        B        C        D        E       F      G
               +--------+--------+--------+--------+--------+-----+--------+
         Total |   5560 |   5423 |    137 |   1686 |   2083 |   5 | 1112.0 |
       Dungeon |   5560 |   5423 |    137 |   1686 |   2083 |   5 | 1112.0 |
               +--------+--------+--------+--------+--------+-----+--------+

Top non-repeatable levels by time:
     D:2: 1894 daAuts
     D:4: 1374 daAuts
     D:1: 1228 daAuts
     D:3: 777 daAuts
     D:5: 285 daAuts
